 Dungeon Crawl Stone Soup version 0.28-a0-1520-gc3277d3759 (webtiles) character file.

Game seed: 10382481846301952204

33 gruber the Skirmisher (level 3, 0/39 HPs)
             Began as an Ogre Hedge Wizard on Jan 17, 2022.
             Slain by an adder (2 damage)
             ... on level 1 of the Dungeon.
             The game lasted 00:01:44 (1743 turns).

gruber the Skirmisher (Ogre Hedge Wizard)           Turns: 1743, Time: 00:01:45

Health: 0/39       AC:  3    Str: 14    XL:     3   Next: 29%
Magic:  1/8        EV:  9    Int: 17    God:
Gold:   30         SH:  0    Dex:  8    Spells: 8/9 levels left

rFire   . . .      SeeInvis .   f - +0 whip
rCold   . . .      Faith    .   (no shield)
rNeg    . . .      Spirit   .   b - +0 robe
rPois   .          Reflect  .   c - +0 hat
rElec   .          Harm     .   (no cloak)
rCorr   .          Rampage  .   (gloves unavailable)
Will    .....                   (boots unavailable)
Stlth   +.........              (no amulet)
HPRegen 0.13/turn               (no ring)
MPRegen 0.11/turn               (no ring)

@: lethally poisoned (0 -> -1), very slightly contaminated
A: large, unfitting armour, tough skin 1
a: no special abilities


You were on level 1 of the Dungeon.
You visited 1 branch of the dungeon, and saw 2 of its levels.

You collected 30 gold pieces.

Inventory:

Hand Weapons
 f - a +0 whip (weapon)
Missiles
 j - a throwing net
Armour
 b - a +0 robe (worn)
 c - a +0 hat (worn)
Jewellery
 h - a ring of ice
Scrolls
 a - a scroll of teleportation {unknown}
 g - a scroll of enchant weapon {unknown}
Potions
 d - 2 potions of haste {unknown}
 e - 3 potions of curing {unknown}
 i - a potion of brilliance {unknown}


   Skills:
 * Level 3.8 Fighting
 - Level 1.7 Dodging
 - Level 1.4 Stealth
 - Level 3.6 Spellcasting
 - Level 0.8 Conjurations
 - Level 0.8 Summonings
 - Level 0.8 Translocations


You had 8 spell levels left.
You knew the following spells:

 Your Spells              Type           Power      Damage    Failure   Level
a - Magic Dart            Conj           24%        1d4       12%         1

Your spell library contained the following spells:

 Spells                   Type           Power      Damage    Failure   Level
 Slow                     Hex            12%        N/A       17%         1
 Blink                    Tloc           12%        N/A       17%         2
 Call Imp                 Summ           6%         N/A       17%         2
 Conjure Flame            Conj/Fire      4%         6-21      38%         3
 Mephitic Cloud           Conj/Pois/Air  4%         N/A       41%         3


Dungeon Overview and Level Annotations

Branches:
Dungeon (2/15)

Altars:


Innate Abilities, Weirdness & Mutations

You are too large for most types of armour.
You have tough skin. (AC +1)


Message History

There is a stone staircase leading down here.
Unknown command.
You closely miss the adder. The adder bites you but does no damage.
The kobold barely misses you. The adder bites you but does no damage.
You closely miss the adder. The adder barely misses you.
The kobold hits you but does no damage.
You miss the adder. The adder bites you. The kobold hits you with a +0 whip.
You barely miss the adder. The adder bites you.
The kobold hits you but does no damage. The adder closely misses you.
Casting: Magic Dart (safe; 12% risk of failure)
Confirm with . or Enter, or press ? or * to list all spells.
Aiming: Magic Dart (safe; 12% risk of failure)
Press: ? - help, Shift-Dir - straight line, f - adder
Aim: an adder (100% to hit)
The magic dart hits the adder but does no damage.
The adder bites you.
You are poisoned.
The adder poisons you! The kobold hits you with a +0 whip.
Unknown command.
Unknown command.
You aren't carrying any items that you can evoke.
You don't have enough magic to cast this spell.
Unknown command.
You barely miss the adder.
You feel sick. The adder bites you but does no damage.
The kobold barely misses you. The adder bites you.
You miss the adder.
You feel sick. The kobold closely misses you. The adder bites you.
You miss the adder.
You feel sick. The adder completely misses you.
The kobold hits you but does no damage. The adder bites you.
* * * LOW HITPOINT WARNING * * *
You closely miss the adder.
You feel sick. The kobold barely misses you. The adder closely misses you.
You hit the adder. You punch the adder.
The adder is heavily wounded.
You feel sick. The adder bites you but does no damage.
The kobold hits you with a +0 whip.
* * * LOW HITPOINT WARNING * * *
The adder bites you.
You die...

# # #######
############......
#.............#...
###...########.....#
#.......##)........#
#..........###.....#
#..@S...#### #..#.##
###K..########......
########...............##
#.......(.########.....#
#.######### #......##
#########.### ##.......
............# ##.#..##
.########.#.# #.>.... .#
#.#.# #....##


You could see an adder and a kobold.

Vanquished Creatures
  A gnoll (D:1)
  A dart slug (D:1)
  A bat (D:1)
  4 endoplasms (D:1)
  A giant cockroach (D:1)
  A goblin (D:1)
  2 hobgoblins (D:1)
  4 kobolds (D:1)
  A quokka (D:1)
  2 ball pythons (D:1)
  2 rats (D:1)
20 creatures vanquished.

Notes
Turn   | Place    | Note
-------+----------+-------------------------------------------
     0 | D:1      | gruber the Ogre Hedge Wizard began the quest for the Orb.
     0 | D:1      | Reached XP level 1. HP: 16/16 MP: 5/5
    53 | D:1      | Reached skill level 1 in Fighting
   374 | D:1      | Reached XP level 2. HP: 25/28 MP: 6/6
   966 | D:1      | Reached XP level 3. HP: 37/37 MP: 1/8
  1743 | D:1      | Slain by an adder

Illustrated notes

Levels and vault maps discovered:
D:1:      scummos_arrival_simple_crosswalls, layout_loops_ring
D:2:      layout_rooms, kennysheep_generic_room_2, uniq_crazy_yiuf_cottage

Skill      XL: |  1  2 |
---------------+-------+-----
Fighting       | 2 3 |  3.8
Dodging        | |  1.7
Stealth        | |  1.4
Spellcasting   | |  3.6
Conjurations   | |  0.8
Summonings     | |  0.8
Translocations | |  0.8

Action                   || total
-------------------------++-------
Melee: Dagger            ||    31
       Whip              ||    23
       Punch             ||     1
 Cast: Magic Dart        ||    51
Armor: Robe              ||    22
Dodge: Dodged            ||    59

Table legend: (Time is in decaauts)
 A = Elapsed time spent in this place.
 B = Non-inter-level travel time spent in this place.
 C = Inter-level travel time spent in this place.
 D = Time resting spent in this place.
 E = Time spent auto-exploring this place.
 F = Levels seen in this place.
 G = Mean time per level.
                   A        B        C        D        E       F      G
               +--------+--------+--------+--------+--------+-----+--------+
         Total |   1747 |   1721 |     26 |    165 |   1345 |   2 |  873.5 |
       Dungeon |   1747 |   1721 |     26 |    165 |   1345 |   2 |  873.5 |
               +--------+--------+--------+--------+--------+-----+--------+

Top non-repeatable levels by time:
     D:1: 1725 daAuts
     D:2: 21 daAuts
